 Dungeon Crawl Stone Soup version 0.19-a0-330-g034cfd4 (webtiles) character file.

2 Chemotherapy the Firebug (level 1, -1/15 HPs)
             Began as a Naga Fire Elementalist on May 29, 2016.
             Slain by a hobgoblin (3 damage)
             ... on level 1 of the Dungeon.
             The game lasted 00:00:41 (35 turns).

Chemotherapy the Firebug (Naga Fire Elementalist)     Turns: 35, Time: 00:00:42

Health: -1/15      AC:  1    Str: 10    XL:     1   Next: 30%
Magic:  0/3        EV: 10    Int: 15    God:
Gold:   0          SH:  0    Dex: 11    Spells: 1 memorised, 3 levels left

rFire  . . .     SeeInvis +     (no weapon)
rCold  . . .     Gourm    .     a - +0 robe
rNeg   . . .     Faith    .     (no shield)
rPois  +         Spirit   .     (no helmet)
rElec  .         Dismiss  .     (no cloak)
rCorr  .         Reflect  .     (no gloves)
SustAt .         Harm     .     (no barding)
MR     .....                    (no amulet)
Stlth  ++........               (no ring)
                                (no ring)

@: short of breath, very slow, not resistant to hostile enchantments, unstealthy
A: see invisible, deformed body, poison resistance, slowness 2, slow metabolism
1, spit poison 2, AC +0
a: Spit Poison


You were on level 1 of the Dungeon.
You were not hungry.

You visited 1 branch of the dungeon, and saw 1 of its levels.

Inventory:

Armour
 a - a +0 robe (worn)
Books
 b - a book of Flames
Comestibles
 c - a bread ration {@e1}


   Skills:
 - Level 1.5 Dodging
 - Level 3.0 Stealth
 + Level 2.0 Spellcasting
 * Level 1.1 Conjurations
 * Level 3.1 Fire Magic


You had 3 spell levels left.
You knew the following spells:

 Your Spells              Type           Power        Failure   Level  Hunger
a - Flame Tongue          Conj/Fire      #....        12%         1    #......


Dungeon Overview and Level Annotations

Branches:
Dungeon (1/15)

Altars:


Innate Abilities, Weirdness & Mutations

You cannot wear boots.
Your serpentine skin is tough (AC +0).
You have supernaturally acute eyesight. (SInv)
Armour fits poorly on your strangely shaped body.
Your system is resistant to poisons. (rPois)
You cover ground very slowly.
You have a slow metabolism.
You can spit poison.


Message History

Welcome, Chemotherapy the Naga Fire Elementalist.
Will you prevail where others failed? Will you find the Orb of Zot?
Found a staircase leading out of the dungeon.
Unknown command.
You open the gate.
There is an open gate here.
A hobgoblin and a kobold come into view.
There are monsters nearby!
A giant newt comes into view.
You can't see any susceptible monsters within range! (Use Z to cast anyway.) Unknown command.
The kobold shouts!
You hear a shout!
A kobold comes into view. It is wielding a whip.
A kobold comes into view. It is wielding a short sword.
Aim: a kobold The splash of poison hits the kobold.
The kobold is poisoned.
You feel slightly more hungry. The kobold hits you.
You take 3 damage, and have 12/15 hp.
The hobgoblin shouts!
The kobold hits you with a whip. The kobold barely misses you.
You take 1 damage, and have 11/15 hp.
You kill the kobold!
A hobgoblin comes into view. It is wielding a club.
You have got your breath back.
The kobold hits you with a whip.
You take 3 damage, and have 8/15 hp.
Okay, then.
Aim: a hobgoblin The splash of poison hits the kobold.
You kill the kobold!
You feel slightly more hungry.
Aim: a hobgoblin The flame tongue misses the hobgoblin.
You hear a shout!
The hobgoblin hits you but does no damage.
You now have 2/3 mp.
Aim: a hobgoblin The flame tongue hits the hobgoblin.
The hobgoblin appears unharmed.
The hobgoblin hits you.
You take 1 damage, and have 7/15 hp.
You now have 1/3 mp.
Aim: a hobgoblin The flame tongue hits the hobgoblin.
The hobgoblin appears unharmed.
The hobgoblin closely misses you.
You now have 0/3 mp.
You don't have enough magic to cast that spell.
The hobgoblin barely misses you.
You have got your breath back.
Aim: a hobgoblin The splash of poison misses the hobgoblin.
You feel slightly more hungry. The hobgoblin closely misses you.
The hobgoblin hits you.
* * * LOW HITPOINT WARNING * * *
You take 4 damage, and have 3/15 hp.
MASSIVE DAMAGE!!
The hobgoblin barely misses you.
You have got your breath back.
Aim: a hobgoblin The flame tongue hits the hobgoblin.
The hobgoblin barely misses you.
You now have 0/3 mp.
The hobgoblin hits you but does no damage.
You aren't carrying any potions.
The hobgoblin hits you.
* * * LOW HITPOINT WARNING * * *
You take 2 damage, and have 2/15 hp.
Aim: a hobgoblin (moderately wounded)
The splash of poison hits the hobgoblin.
The hobgoblin is poisoned.
You feel slightly more hungry. The hobgoblin hits you.
You die...

#.... #.... #..#.#
#..#.. #..# .##
.#######..##..#
.K........)##.#
.#######.###.#.######
.......@## ##..#8.#.#
######gg# #..#'#..#
##.## ##...'#.<#
##.###.###'#..#
##...## #8.#.# #.###
###### #.# #.# #.#


You could see 2 hobgoblins.

Vanquished Creatures
  2 kobolds (D:1)
2 creatures vanquished.

Notes
Turn   | Place    | Note
--------------------------------------------------------------
     0 | D:1      | Chemotherapy the Naga Fire Elementalist began the quest for the Orb.
     0 | D:1      | Reached XP level 1. HP: 15/15 MP: 3/3
    25 | D:1      | HP: 3/15 [hobgoblin (4)]
    34 | D:1      | HP: 2/15 [hobgoblin (2)]
    35 | D:1      | Slain by a hobgoblin

Vault maps used:
D:1:      saegor_arrival_simple_c

Action                   || total
-------------------------++-------
 Cast: Flame Tongue      ||     4
 Abil: Spit Poison       ||     4
Armor: Robe              ||     2
Dodge: Dodged            ||     6

Vault maps used:
D:1:      saegor_arrival_simple_c

Table legend:
 A = Turns spent in this place as a percentage of turns spent in the entire game.
 B = Non-inter-level travel turns spent in this place as a percentage of non-inter-level travel turns spent in the entire game.
 C = Inter-level travel turns spent in this place as a percentage of turns spent in this place.
 D = Turns resting spent in this place as a percentage of non-inter-level travel turns spent in this place.
 E = Turns spent auto-exploring this place as a percentage of non-inter-level travel turns spent in this place.
 F = Non-inter-level travel turns spent in this place divided by the number of levels of this place that you've seen.
                   A       B       C       D       E      F
               +-------+-------+-------+-------+-------+----------------------
         Total | 100.0 | 100.0 |   0.0 |   0.0 |   2.9 |  34.0
       Dungeon | 100.0 | 100.0 |   0.0 |   0.0 |   2.9 |  34.0
               +-------+-------+-------+-------+-------+----------------------

Table legend:
 A = Kills in this place as a percentage of kills in entire the game.
 B = Kills by you in this place as a percentage of kills by you in the entire game.
 C = Kills by friends in this place as a percentage of kills by friends in the entire game.
 D = Other kills in this place as a percentage of other kills in the entire game.
 E = Experience gained in this place as a percentage of experience gained in the entire game.
 F = Experience gained in this place divided by the number of levels of this place that you have seen.
                   A       B       C       D       E      F
               +-------+-------+-------+-------+-------+----------------------
         Total | 100.0 | 100.0 |  -nan |  -nan | 100.0 |   3.0
       Dungeon | 100.0 | 100.0 |  -nan |  -nan | 100.0 |   3.0
               +-------+-------+-------+-------+-------+----------------------
